 Dungeon Crawl Stone Soup version 0.30-a0-4-ga7cffc901d (webtiles) character file.

Game seed: 898177459522749311

44 gelatine the Firebug (level 3, 0/17 (24) HPs)
             Began as a Demonspawn Fire Elementalist on Aug 22, 2022.
             Slain by Terence
             ... wielding a +2 mace of draining
              (1 damage)
             ... on level 2 of the Dungeon.
             The game lasted 00:04:14 (1547 turns).

gelatine the Firebug (Demonspawn Fire Elementalist) Turns: 1547, Time: 00:04:16

HP:   0/17 (24)     AC:  3    Str:  8    XL:     3   Next: 41%
MP:   2/6           EV: 12    Int: 18    God:
Gold: 62            SH:  4    Dex: 13    Spells: 6/7 levels left

rFire   . . .      SeeInvis .    j - +2 short sword (flame)
rCold   . . .      Faith    .    (no shield)
rNeg    + . .      Spirit   .    a - +0 robe
rPois   .          Reflect  .    (no helmet)
rElec   .          Harm     .    h - scarf {repulsion}
rCorr   .          Rampage  .    (no gloves)
Will    .....                    g - +0 pair of boots
Stlth   ++........               (no amulet)
HPRegen 0.05/turn                i - ring of positive energy
MPRegen 0.10/turn                (no ring)

@: very heavily drained, repel missiles
A: condensation shield
a: no special abilities


You were on level 2 of the Dungeon.
You visited 1 branch of the dungeon, and saw 2 of its levels.

You collected 62 gold pieces.

Inventory:

Hand Weapons
 c - a +0 dagger
 j - a +2 short sword of flaming (weapon)
 n - a +1 mace of protection
Armour
 a - a +0 robe (worn)
 g - a +0 pair of boots (worn)
 h - a scarf of repulsion (worn)
 k - a +1 scale mail of fire resistance
Jewellery
 i - a ring of positive energy (left hand)
Scrolls
 d - a scroll of immolation {unknown}
 e - 3 scrolls of identify {unknown}
 f - a scroll of amnesia {unknown}
Potions
 b - a potion of magic


   Skills:
 + Level 0.1 Fighting
 + Level 0.7 Short Blades
 + Level 2.3 Dodging
 + Level 1.8 Stealth
 + Level 0.1 Shields
 + Level 2.5 Spellcasting
 + Level 1.3 Conjurations
 + Level 3.0 Fire Magic


You had 6 spell levels left.
You knew the following spells:

 Your Spells              Type           Power      Damage    Failure   Level
a - Foxfire               Conj/Fire      40%        2x1d6     7%          1

Your spell library contained the following spells:

 Spells                   Type           Power      Damage    Failure   Level
 Scorch                   Fire           26%        2d6       8%          2
 Conjure Flame            Conj/Fire      10%        6-21      22%         3
 Inner Flame              Hex/Fire       7%         N/A       28%         3
 Flame Wave               Conj/Fire      10%        2d6       56%         4


Dungeon Overview and Level Annotations

Branches:
Dungeon (2/15)

Altars:

Annotations:
D:2 Terence


Innate Abilities, Weirdness & Mutations

A meltable shield of frost defends you. (SH +4)


Message History

Terence barely misses you.
You conjure some foxfire!
Terence hits you with a +2 mace of draining.
You partially resist.
You feel drained.
You hit Terence. You burn Terence.
Terence is moderately wounded.
The foxfire hits Terence but does no damage.
Terence is moderately wounded.
Terence barely misses you.
You conjure some foxfire!
Terence barely misses you.
You closely miss Terence.
Terence is moderately wounded.
The foxfire hits Terence but does no damage.
Terence is moderately wounded.
Terence hits you with a +2 mace of draining!
You partially resist.
You feel drained.
Terence hits you with a +2 mace of draining.
* * * LOW HITPOINT WARNING * * *
You partially resist.
You feel drained.
It was a potion of cancellation.
You feel magically purged. You block Terence's attack.
Unknown command.
It was a potion of curing.
You feel better. Terence closely misses you.
You hit Terence but do no damage.
Terence is moderately wounded.
Terence barely misses you.
You hit Terence but do no damage.
Terence is moderately wounded.
You block Terence's attack.
You hit Terence. You burn Terence.
Terence is severely wounded.
Terence hits you with a +2 mace of draining.
You partially resist.
You feel drained.
You hit Terence but do no damage.
Terence is severely wounded.
Terence hits you with a +2 mace of draining!
Ouch! That really hurt!
* * * LOW HITPOINT WARNING * * *
You partially resist.
You feel drained.
You die...

#######.######.#.##
#.....# #####..#
#.....# #.(...#
##.....## #.....#
####### .........##
#.....#
#..#####..#########
.. ##...#####
###.....#
#####.#### #@@Sw#
####..# #...#
...... ..... .....
####


You could see Terence, a worm and an adder.

Vanquished Creatures
  3 dart slugs (D:2)
  4 ball pythons
  6 endoplasms (D:1)
  A giant cockroach (D:2)
  3 hobgoblins (D:1)
  7 jackals (D:1)
  3 bats
  A frilled lizard (D:1)
  4 kobolds (D:1)
  3 rats (D:1)
35 creatures vanquished.

Vanquished Creatures (others)
  86 foxfires
86 creatures vanquished.

Grand Total: 121 creatures vanquished

Notes
Turn   | Place    | Note
-------+----------+-------------------------------------------
     0 | D:1      | gelatine the Demonspawn Fire Elementalist began the quest
                  | for the Orb.
     0 | D:1      | Reached XP level 1. HP: 13/13 MP: 3/3
   253 | D:1      | Gained mutation: A meltable shield of frost defends you.
                  | (SH +4) [demonic ancestry]
   253 | D:1      | Reached XP level 2. HP: 13/19 MP: 0/5
   826 | D:1      | Reached skill level 3 in Fire Magic
   902 | D:1      | Reached XP level 3. HP: 20/24 MP: 3/6
  1493 | D:2      | Noticed Terence
  1547 | D:2      | Slain by Terence

Illustrated notes

Levels and vault maps discovered:
D:1:      grunt_arrival_crossed_arrows, layout_rooms,
          amcnicky_mini_rare_corridor_liquid, kennysheep_flooded_box,
          minmay_pentomino_p4
D:2:      layout_rooms, shapermc_ecumenical_altar_pompeii, uniq_terence

Skill      XL: |  1  2 |
---------------+-------+-----
Dodging        | 2 |  2.3
Fire Magic     | 3 |  3.0
Fighting       | |  0.1
Short Blades   | |  0.7
Stealth        | |  1.8
Shields        | |  0.1
Spellcasting   | |  2.5
Conjurations   | |  1.3

Action                   || total
-------------------------++-------
Melee: Dagger            ||    23
       Short sword       ||    30
 Cast: Foxfire           ||    56
  Use: Potion            ||     2
 Stab: Sleeping          ||     1
Armor: Robe              ||    15
Dodge: Dodged            ||    40
       Repelled          ||     2
Block: Other             ||     8

Table legend: (Time is in decaauts)
 A = Elapsed time spent in this place.
 B = Non-inter-level travel time spent in this place.
 C = Inter-level travel time spent in this place.
 D = Time resting spent in this place.
 E = Time spent auto-exploring this place.
 F = Levels seen in this place.
 G = Mean time per level.
                   A        B        C        D        E       F      G
               +--------+--------+--------+--------+--------+-----+--------+
         Total |   1549 |   1494 |     55 |     25 |   1184 |   2 |  774.5 |
       Dungeon |   1549 |   1494 |     55 |     25 |   1184 |   2 |  774.5 |
               +--------+--------+--------+--------+--------+-----+--------+

Top non-repeatable levels by time:
     D:1: 1209 daAuts
     D:2: 339 daAuts
